Map: Flooded City

Players

bireley

  • Race: Terran Terran
  • Spawn Location: 6:00

WinNy

  • Race: Zerg Zerg
  • League: Platinum
  • Spawn Location: 6:00

SwarmRA - Winner!

  • Race: Terran Terran
  • League: Diamond
  • Spawn Location: 12:00

Infamous - Winner!

  • Race: Protoss Protoss
  • League: Silver
  • Spawn Location: 12:00

VOD

Have the link to the VOD?

Description

Time

  • Played on: March 19, 2018, 12:20 p.m.
  • Length: 19:51
Show
View Real Time Build Order
Export as new Build Order

bireley Terran 

Build Orders:  

Get SALT Encoding   

  12  0:01  SCV  
  13  0:13  SCV  
  14  0:23  Supply Depot  
  14  0:38  SCV  
  15  0:49  Barracks  
  15  0:50  SCV  
  16  1:02  SCV  
  17  1:14  SCV  
  18  1:27  SCV  
  19  1:35  Barracks  
  19  1:39  SCV  
  20  1:49  Supply Depot  
  20  1:51  SCV  
  21  1:56  Barracks  
  21  2:03  SCV  
  21  2:06  Marine  
  23  2:15  SCV  
  24  2:27  SCV  
  25  2:30  Marine x2  
  25  2:33  Refinery  
  27  2:44  Command Center  
  27  2:48  Marine x2  
  29  2:56  SCV  
  30  3:09  Orbital Command  
  30  3:10  Refinery  
  30  3:25  Supply Depot, Engineering Bay  
  30  3:27  Supply Depot  
  30  3:31  Marine  
  31  3:46  Marine, SCV  
  33  3:58  SCV  
  33  3:59  Marine x2  
  36  4:04  Marine  
  37  4:10  SCV  
  38  4:17  Marine x2  
  38  4:22  Marine  
  38  4:35  Marine x2  
  37  4:39  Marine  
  33  4:53  Marine x2  
  33  4:57  Marine, Supply Depot  
  34  5:08  SCV  
  34  5:11  Marine  
  34  5:13  Marine  
  37  5:15  Marine  
  38  5:22  Orbital Command  
  38  5:25  Refinery  
  38  5:28  Refinery  
  38  5:33  Factory  
  38  5:45  SCV  
  39  5:50  Barracks Tech Lab  
  39  5:51  Barracks Reactor x2  
  39  5:57  SCV  
  39  5:58  SCV  
  41  6:09  Supply Depot, SCV  
  41  6:10  SCV  
  43  6:19  Missile Turret  
  43  6:21  SCV  
  43  6:22  Marine, SCV  
  46  6:33  SCV  
  46  6:35  Command Center  
  47  6:45  Marine, SCV  
  49  6:57  SCV  
  49  6:59  Starport  
  49  7:00  Factory Reactor  
  50  7:04  Stimpack  
  50  7:07  SCV  
  51  7:10  SCV  
  52  7:19  SCV  
  52  7:22  SCV  
  54  7:25  Marine  
  55  7:32  SCV  
  55  7:34  SCV  
  57  7:44  SCV  
  58  7:46  SCV  
  58  7:49  Refinery  
  58  7:50  Orbital Command  
  59  7:56  SCV  
  59  7:58  Supply Depot, SCV  
  61  8:00  Supply Depot  
  61  8:08  SCV  
  62  8:13  Supply Depot  
  62  8:24  Factory Tech Lab, Armory  
  62  8:25  Armory  
  62  8:29  SCV x2  
  62  8:33  Medivac  
  62  8:34  Marine, Medivac  
  68  8:36  Engineering Bay  
  68  8:37  Marine, Marauder  
  72  8:45  Marine  
  73  8:53  Sensor Tower  
  73  8:59  Marauder  
  73  9:02  SCV  
  76  9:04  Combat Shields  
  76  9:14  SCV  
  76  9:15  Marine  
  76  9:16  Missile Turret  
  76  9:17  Marine  
  78  9:20  Marauder  
  81  9:26  SCV  
  81  9:27  Medivac  
  81  9:28  Marine  
  85  9:35  Marine x2  
  85  9:36  Marine  
  85  9:38  Medivac  
  90  9:39  SCV  
  90  9:41  Marauder  
  93  9:45  Marine  
  93  9:50  SCV x2  
  93  9:51  Barracks  
  96  9:52  Marine  
  96  9:53  Marine  
  98  10:03  Marauder  
  100  10:21  Marine  
  100  10:23  Concussive Shells  
  100  10:24  Marauder  
  100  10:28  Marine, Siege Tank  
  106  10:31  Marine x2  
  109  10:39  Marine x2  
  111  10:45  Marauder  
  111  10:46  Marine  
  111  10:49  Marine x2  
  86  10:57  Marine x2  
  86  11:00  Siege Tank  
  86  11:04  Marine  
  89  11:07  Marauder  
  75  11:28  Marauder  
  75  11:31  Marine  
  75  11:32  Siege Tank  
  80  11:39  Marine  
  81  11:50  Marauder  
  79  12:04  Siege Tank  
  78  12:11  Marauder  
  76  12:17  Marine x2  
  76  12:18  Marine  
  76  12:32  Marauder  
  76  12:36  Siege Tank  
  74  12:38  Marine, Medivac  
  74  12:41  SCV x3  
  66  12:51  Refinery  
  66  12:53  Marine, SCV x3  
  66  12:54  Marauder  
  66  12:55  Marine  
  66  12:56  Marine x3  
  76  13:03  Missile Turret  
  76  13:05  SCV x3  
  78  13:11  Marine  
  80  13:13  Marine x2  
  80  13:14  Marine  
  80  13:15  Marauder  
  80  13:17  SCV x3  
  80  13:18  Marine  
  89  13:27  Siege Tank  
  89  13:29  Marine, SCV  
  89  13:31  Marine x2  
  96  13:37  Marauder  
  98  13:42  Marine, SCV  
  98  13:43  Marine  
  98  13:46  Marine, SCV x2  
  104  13:49  Marine  
  105  13:56  SCV  
  105  13:58  SCV x2, Marauder  
  105  13:59  Siege Tank  
  113  14:08  SCV, Command Center  
  114  14:10  SCV  
  115  14:19  Marauder  
  88  14:32  Marine  
  78  14:39  Marine x2  
  78  14:40  Marine  
  78  14:41  Medivac, Marauder  
  70  14:50  Marine  
  70  14:51  Siege Tank  
  72  14:57  Marine x3  
  66  15:01  Medivac  
  66  15:02  Marauder  
  67  15:08  Marine  
  68  15:15  Marine x3  
  68  15:16  SCV  
  68  15:20  Orbital Command  
  72  15:23  Siege Tank, Marauder  
  72  15:25  Marine  
  78  15:32  Marine  
  78  15:33  Marine  
  69  15:45  Marauder  
  69  15:46  Refinery  
  64  15:51  Marine x3  
  52  16:06  Marauder  
  52  16:09  Marine  
  52  16:10  Marine x2  
  52  16:11  Marine  
  57  16:19  Refinery  
  57  16:21  SCV  
  57  16:24  Medivac  
  57  16:25  Medivac  
  62  16:27  Marine  
  62  16:28  Marine x3, Marauder  
  66  16:49  Marauder  
  68  16:57  Marine  
  69  17:10  Marauder  
  69  17:13  Marine x2  
  73  17:20  SCV  
  74  17:32  Marauder  
  74  17:35  Marine  
  77  17:39  Siege Tank  
  80  17:53  Marauder  
  80  17:57  Marine x4, Command Center  
  86  18:11  Siege Tank  
  89  18:15  Barracks, Command Center, Marauder  
  91  18:21  Medivac  
  91  18:22  Marine  
  91  18:26  Marine, SCV  
  96  18:27  Marine  
  96  18:31  Marine  
  98  18:36  Marauder  
  98  18:40  Marine  
  101  18:43  Siege Tank  
  101  18:44  Marine  
  101  18:45  Marine  
  106  18:57  Marauder  
  106  19:01  Marine  
  109  19:16  Siege Tank  
  112  19:19  Marauder  
Show
View Real Time Build Order
Export as new Build Order

WinNy Zerg 

Build Orders: Hatch First 

Get SALT Encoding   

  12  0:01  Drone  
  13  0:10  Drone  
  14  0:20  Overlord  
  14  0:41  Drone x3  
  17  0:51  Extractor  
  16  1:03  Drone x2  
  18  1:08  Hatchery  
  17  1:20  Spawning Pool  
  17  1:21  Drone  
  17  1:31  Drone  
  18  1:52  Overlord  
  18  2:02  Drone  
  18  2:03  Drone  
  18  2:06  Extractor  
  18  2:07  Lair  
  19  2:23  Zergling x4  
  19  2:28  Drone  
  22  2:44  Zergling x4  
  22  2:50  Drone  
  25  2:51  Drone x2  
  25  2:55  Extractor  
  26  3:23  Spire, Queen  
  26  3:26  Overlord  
  27  3:33  Pneumatized Carapace  
  28  3:34  Drone x5  
  32  3:42  Overlord  
  21  4:25  Spore Crawler  
  20  4:34  Mutalisk x4  
  28  4:41  Drone  
  29  5:15  Zerg Flyer Weapons Level 1  
  29  5:16  Mutalisk  
  31  5:31  Drone  
  31  5:32  Drone x2  
  34  6:03  Mutalisk x3  
  40  6:48  Mutalisk x4  
  48  6:57  Mutalisk  
  50  7:13  Overseer  
  46  7:18  Mutalisk  
  48  7:23  Drone  
  48  7:24  Drone  
  48  7:27  Extractor  
  49  7:49  Mutalisk x2  
  49  8:18  Overseer  
  45  8:44  Infestation Pit  
  45  8:48  Drone x3  
  47  8:50  Queen  
  49  9:14  Drone  
  49  9:15  Drone  
  49  9:16  Hatchery  
  50  9:50  Hive  
  50  9:52  Overlord x2  
  50  9:55  Drone  
  50  9:56  Drone  
  52  10:03  Overseer  
  52  10:07  Zerg Flyer Weapons Level 2  
  50  11:01  Zergling x8, Baneling Nest  
  50  11:02  Zergling x8  
  50  11:03  Zergling x12  
  49  11:25  Drone x2  
  49  11:26  Drone  
  51  11:46  Baneling  
  51  11:47  Baneling x8  
  51  11:48  Baneling x15  
  51  11:49  Baneling x4  
  46  12:16  Centrifical Hooks  
  46  12:19  Corruptor  
  46  12:20  Corruptor x6  
  60  12:33  Drone x3  
  63  12:47  Drone x2  
  63  12:50  Drone  
  66  12:55  Greater Spire  
  66  13:08  Burrow  
  60  13:22  Corruptor x2  
  60  13:25  Drone x3  
  67  13:28  Extractor  
  67  13:30  Extractor  
  65  13:36  Queen  
  67  13:47  Drone x3  
  70  14:09  Brood Lord  
  72  14:11  Overlord x2  
  72  14:22  Drone  
  62  14:42  Brood Lord x3  
  56  15:26  Brood Lord  
  56  15:27  Corruptor x2  
  62  15:29  Overlord x2  
  62  15:30  Overlord  
  54  16:13  Overlord  
  54  16:15  Drone  
  54  16:16  Drone x2  
  57  16:37  Metabolic Boost  
  57  16:42  Evolution Chamber  
  57  16:43  Zerg Flyer Weapons Level 3  
  56  17:12  Zerg Melee Weapons Level 1  
  56  17:14  Zergling x2  
  56  17:15  Zergling x22  
  68  17:21  Drone  
Show
View Real Time Build Order
Export as new Build Order

SwarmRA Terran - Winner!

Build Orders: Hellion Opening, Mech 

Get SALT Encoding   

  12  0:01  SCV  
  13  0:13  SCV  
  14  0:20  Supply Depot  
  14  0:25  SCV  
  15  0:30  Refinery  
  15  0:41  SCV  
  16  0:46  Barracks  
  16  0:53  SCV  
  17  1:08  SCV  
  18  1:20  SCV  
  19  1:34  Refinery  
  19  1:37  Factory  
  19  1:47  Orbital Command  
  19  1:53  Barracks Reactor  
  19  2:08  Command Center  
  19  2:13  SCV  
  20  2:21  Supply Depot  
  20  2:25  SCV  
  21  2:38  Hellion  
  21  2:42  SCV  
  21  2:43  Hellion  
  27  2:58  SCV  
  27  2:59  Hellion  
  27  3:04  Hellion  
  31  3:20  SCV  
  31  3:23  Supply Depot  
  31  3:25  Orbital Command  
  32  3:33  Supply Depot  
  32  3:36  SCV  
  32  3:40  Hellion  
  35  3:46  Hellion  
  37  3:56  Supply Depot  
  37  4:00  SCV  
  37  4:01  SCV  
  39  4:13  SCV x2  
  39  4:26  Hellion x2  
  39  4:27  SCV x2  
  41  4:39  SCV  
  42  4:50  Hellion x2  
  42  4:51  SCV x2  
  46  5:00  Factory  
  46  5:05  Factory  
  46  5:07  SCV x2  
  47  5:09  Factory  
  47  5:11  Marine  
  51  5:21  Engineering Bay  
  51  5:24  Widow Mine x2  
  53  5:36  SCV x2  
  53  5:55  Missile Turret  
  53  5:56  Missile Turret  
  53  5:57  Missile Turret  
  53  6:00  SCV x2  
  55  6:04  Factory Tech Lab x2  
  55  6:05  Factory Reactor  
  51  6:12  SCV  
  51  6:13  SCV, Widow Mine  
  51  6:14  Widow Mine  
  54  6:25  SCV x2  
  56  6:37  SCV x2  
  57  6:46  Widow Mine  
  65  6:47  Widow Mine x3  
  65  7:08  Widow Mine  
  66  7:13  SCV x2  
  68  7:25  SCV x2  
  70  7:33  Siege Tank  
  70  7:35  Hellion  
  78  7:44  Hellion  
  77  8:16  Factory, Armory  
  77  8:25  Hi-Sec Auto Tracking  
  77  8:28  Infernal Pre-Igniter  
  77  8:44  Supply Depot x3  
  77  8:45  Supply Depot x2  
  77  8:46  Supply Depot  
  77  8:50  SCV  
  77  8:54  Refinery  
  78  8:56  Refinery  
  78  8:59  Hellion x2, SCV, Widow Mine  
  78  9:01  Widow Mine x2  
  78  9:02  SCV  
  90  9:11  SCV  
  90  9:14  Command Center, SCV  
  92  9:23  SCV  
  93  9:26  SCV  
  93  9:47  Missile Turret  
  93  9:49  Missile Turret  
  93  9:50  Missile Turret  
  93  9:51  Missile Turret  
  96  9:52  Siege Tank  
  96  9:57  Hellion x4  
  104  10:03  Factory  
  104  10:04  Factory  
  104  10:05  Factory  
  104  10:07  Factory  
  104  10:18  Hellion  
  106  10:24  Hellion  
  106  10:25  Hellion, Siege Tank  
  106  11:06  Hellion x4  
  106  11:07  Hellion x4  
  106  11:08  Siege Tank  
  106  11:11  Factory Tech Lab x3  
  117  11:12  Factory Tech Lab  
  117  11:13  Factory Tech Lab  
  117  11:14  SCV x2  
  105  11:26  SCV x2  
  105  11:57  Thor  
  86  12:10  Thor  
  86  12:13  Thor  
  84  12:38  SCV  
  84  12:43  Supply Depot  
  84  12:44  Supply Depot x3  
  85  12:45  Supply Depot  
  85  12:52  Smart Servos  
  85  13:02  Terran Vehicle Weapons Level 1  
  85  13:05  Hellion, SCV x2, Thor x2  
  101  13:06  Hellion x6, SCV  
  101  13:07  Thor  
  120  13:17  SCV x2  
  120  13:18  SCV  
  123  13:26  Supply Depot x2  
  123  13:27  Hellion  
  123  13:28  Supply Depot  
  123  13:29  SCV x2  
  123  13:30  SCV  
  123  13:32  Refinery x2  
  123  13:33  Thor  
  134  13:34  Hellion  
  136  13:41  SCV x2  
  136  13:42  SCV  
  139  14:09  Hellion x6  
  155  14:10  Hellion x2  
  155  14:11  SCV x2  
  155  14:12  Command Center  
  158  14:18  Orbital Command  
  139  14:45  Thor x2  
  139  14:46  Thor  
  139  14:48  Hellion x3  
  139  14:49  Hellion  
  165  14:54  SCV x3  
  168  15:00  Terran Vehicle And Ship Armor Level 1  
  168  15:06  SCV x2  
  170  15:30  Starport  
  170  15:31  Starport  
  170  15:34  Starport  
  150  16:10  Thor x3  
  168  16:13  Hellion x7  
  168  16:14  SCV x3  
  168  16:15  SCV  
  168  16:18  Refinery x2  
  186  16:26  SCV x2  
  186  16:27  SCV  
  189  16:34  Hellion  
  189  16:35  Hellion x2  
  195  16:42  Missile Turret x2  
  195  16:43  SCV  
  196  17:10  Starport Reactor x3  
  198  17:22  Hellion  
  198  17:55  Viking  
  200  18:07  Building Armor  
Show
View Real Time Build Order
Export as new Build Order

Infamous Protoss - Winner!

Build Orders:  

Get SALT Encoding   

  12  0:01  Probe  
  13  0:13  Probe  
  14  0:22  Pylon  
  14  0:26  Probe  
  15  0:40  Probe (Chrono Boost)  
  16  0:44  Gateway  
  16  0:52  Probe (Chrono Boost)  
  17  0:57  Probe (Chrono Boost)  
  18  1:05  Assimilator  
  18  1:09  Probe  
  19  1:13  Pylon  
  20  1:32  Probe  
  20  1:44  Probe  
  20  1:45  Cybernetics Core  
  21  1:48  Gateway  
  21  1:51  Pylon  
  21  1:57  Probe (Chrono Boost)  
  22  2:07  Probe (Chrono Boost)  
  23  2:21  Forge  
  23  2:30  Warp Gate  
  23  2:38  Adept  
  23  2:42  Probe, Assimilator  
  26  2:52  Pylon  
  27  3:05  Probe  
  27  3:11  Robotics Facility  
  27  3:12  Adept (Chrono Boost)  
  28  3:27  Probe  
  28  3:28  Photon Cannon, Shield Battery  
  29  3:37  Gateway  
  29  3:42  Probe  
  30  3:54  Probe  
  31  3:58  Observer  
  32  4:07  Probe  
  33  4:24  Probe  
  34  4:37  Probe  
  35  4:40  Gateway  
  35  4:43  Stalker x3  
  41  4:46  Twilight Council  
  41  4:54  Immortal  
  43  5:11  Stalker x2  
  47  5:20  Charge (Chrono Boost)  
  45  5:21  Pylon  
  45  5:24  Pylon  
  45  5:33  Pylon  
  45  5:51  Stalker  
  45  5:52  Stalker x3  
  52  6:16  Sentry  
  52  6:18  Zealot x3  
  60  6:27  Protoss Ground Armor Level 1 (Chrono Boost)  
  59  6:53  Stalker x2  
  59  6:54  Stalker  
  65  7:17  Nexus  
  65  7:21  Pylon  
  65  7:23  Probe  
  65  7:25  Pylon  
  65  7:29  Pylon  
  66  7:36  Immortal  
  70  7:49  Pylon  
  70  7:51  Sentry  
  70  7:52  Sentry  
  70  7:55  Pylon  
  70  7:57  Pylon  
  74  7:59  Probe  
  75  8:11  Probe  
  76  8:21  Protoss Ground Weapons Level 1 (Chrono Boost)  
  76  8:24  Immortal (Chrono Boost)  
  80  8:33  Probe x2  
  82  8:40  Assimilator  
  82  8:51  Photon Cannon  
  82  8:53  Probe  
  83  9:15  Templar Archives  
  83  9:21  Shield Battery  
  83  9:26  Gateway  
  83  9:29  Gateway  
  83  9:32  Gateway  
  83  9:37  Blink (Chrono Boost)  
  83  9:43  Stalker x2  
  87  9:46  Zealot  
  89  10:16  Stalker x2  
  89  10:17  Stalker x2  
  97  10:25  Immortal (Chrono Boost)  
  95  10:57  Stalker x3  
  95  10:58  Stalker  
  101  11:37  Pylon  
  101  11:39  Pylon  
  101  11:41  Photon Cannon  
  101  11:42  High Templar  
  101  11:43  High Templar  
  101  11:44  Photon Cannon  
  105  11:47  Photon Cannon  
  73  12:18  Stalker x4  
  85  12:30  Immortal  
  77  12:45  Stalker x2  
  77  12:50  Zealot x2  
  85  13:00  Assimilator  
  85  13:07  Protoss Ground Armor Level 2 (Chrono Boost)  
  85  13:32  Stalker x3  
  85  13:33  Stalker  
  93  13:35  Zealot x2  
  97  13:59  Sentry x2, Nexus  
  97  14:01  Pylon, Zealot x4  
  97  14:02  Pylon  
  109  14:06  Pylon  
  79  14:36  Stalker x5  
  79  14:38  Sentry  
  63  14:58  Probe  
  63  14:59  Probe  
  57  15:01  Stalker  
  57  15:02  Stalker x2  
  61  15:23  Stalker x2  
  61  15:24  Zealot  
  67  15:29  Assimilator  
  67  15:32  Probe  
  67  15:33  Assimilator  
  58  15:51  High Templar x2  
  58  15:53  Stalker  
  64  15:59  Zealot x2  
  64  16:00  Zealot  
  70  16:07  Probe x2  
  72  16:15  Probe  
  73  16:19  Probe  
  73  16:25  Gateway  
  74  16:27  Gateway  
  74  16:28  Immortal  
  74  16:30  Gateway  
  74  16:31  High Templar  
  80  16:34  Sentry  
  82  16:46  Sentry x2  
  86  16:51  Archon  
  86  17:10  High Templar  
  86  17:12  Sentry  
  90  17:23  Zealot  
  90  17:24  Zealot x3  
  98  17:30  Nexus  
  98  17:32  Pylon  
  98  17:35  Pylon  
  98  17:57  High Templar x3  
  104  18:03  High Templar  
  106  18:21  High Templar  
  106  18:24  Archon x2  
  108  18:31  Zealot x3  
  108  18:32  Zealot  
  116  19:12  High Templar x2  
  116  19:13  High Templar x2  
Tags
 
Add a new tag
Caveats
  • Supply blocks, unpowered buildings, or Contaminate may cause inaccurate times.
  • Supply counts are checked every 10 seconds.